 Dungeon Crawl Stone Soup version 0.22-a0-448-g1fb7470 (webtiles) character file.

228 MisterFreud the Sneak (level 6, 0/49 HPs)
             Began as a Naga Fire Elementalist on June 4, 2018.
             Slain by Purgy (9 damage)
             ... on level 3 of the Dungeon.
             The game lasted 00:19:56 (3797 turns).

MisterFreud the Sneak (Naga Fire Elementalist)      Turns: 3797, Time: 00:19:56

Health: 0/49       AC:  4    Str: 10    XL:     6   Next: 2%
Magic:  1/9        EV: 10    Int: 17    God:
Gold:   116        SH:  0    Dex: 12    Spells: 3/9 levels left

rFire    . . .     SeeInvis +   o - +2 short sword (freeze)
rCold    . . .     Gourm    .   (no shield)
rNeg     . . .     Faith    .   a - +0 robe
rPois    +         Spirit   .   (no helmet)
rElec    .         Reflect  .   (no cloak)
rCorr    .         Harm     .   n - +0 pair of gloves
MR       .....                  (no barding)
Stlth    +++.......             (no amulet)
HPRegen  0.16/turn              (no ring)
MPRegen  0.11/turn              (no ring)

@: very slightly contaminated, hasted, quick
A: large, see invisible, deformed body, poison resistance, slowness 2, slow
metabolism 1, spit poison 1, AC +2
a: Spit Poison


You were on level 3 of the Dungeon.
You were not hungry.

You visited 1 branch of the dungeon, and saw 4 of its levels.

You collected 116 gold pieces.

Inventory:

Hand Weapons
 j - a +3 whip
 o - a +2 short sword of freezing (weapon)
 r - a +0 hunting sling
Missiles
 d - 35 bolts
 e - 54 stones (quivered)
 k - 24 sling bullets
 m - 26 poisoned needles
Armour
 a - a +0 robe (worn)
 n - a +0 pair of gloves (worn)
Scrolls
 b - a scroll of magic mapping {unknown}
 g - 3 scrolls of remove curse {unknown}
 i - 4 scrolls of identify {unknown}
 l - a scroll of amnesia {unknown}
 q - a scroll of fog {unknown}
Potions
 f - a potion of heal wounds {unknown}
 h - a potion of haste
Comestibles
 c - 3 rations
 p - 4 chunks of flesh


   Skills:
 - Level 1.5 Dodging
 + Level 7.0 Stealth
 - Level 2.0 Spellcasting
 - Level 1.0 Conjurations
 + Level 5.0 Fire Magic


You had 3 spell levels left.
You knew the following spells:

 Your Spells              Type           Power        Failure   Level  Hunger
a - Flame Tongue          Conj/Fire      ##...        5%          1    #......
b - Throw Flame           Conj/Fire      ##....       9%          2    ###....
c - Conjure Flame         Conj/Fire      ##......     17%         3    ###....

Your spell library contained the following spells:

 Spells                   Type           Power        Failure   Level  Hunger
 Fireball                 Conj/Fire      ##........   83%         5    ######.
 Sticky Flame             Conj/Fire      ##......     50%         4    #####..
 Inner Flame              Hex/Fire       ##......     21%         3    ###....


Dungeon Overview and Level Annotations

Branches:
Dungeon (4/15)
 Temple: D:4-7

Altars:
Ashenzari

Annotations:
D:3 Purgy


Innate Abilities, Weirdness & Mutations

You cannot wear boots.
Your serpentine skin is tough. (AC +2)
You have supernaturally acute eyesight. (SInv)
Armour fits poorly on your strangely shaped body.
Your system is resistant to poisons. (rPois)
You cover ground very slowly.
You have a slow metabolism.
You can spit poison.


Message History

The flame tongue misses Purgy.
Purgy bites you. Purgy barely misses you. Purgy claws you.
Casting: Flame Tongue (safe; 5% risk of failure)
Confirm with . or Enter, or press ? or * to list all spells.
You don't have enough magic to cast that spell.
Unknown command.
Unknown command.
Purgy bites you.
* * * LOW HITPOINT WARNING * * *
Purgy claws you but does no damage. Purgy misses you.
It was a potion of haste.
You feel yourself speed up. Purgy bites you.
* * * LOW HITPOINT WARNING * * *
Purgy claws you but does no damage. Purgy claws you.
* * * LOW HITPOINT WARNING * * *
You closely miss Purgy.
Purgy is severely wounded.
You hit Purgy. You freeze Purgy.
Purgy is severely wounded.
Purgy bites you!
You die...

. #...............# #..# #
#...............###.##
#######...................#
#.##....................###
.....##.............<...#
#≈#..##.................#
≈≈≈#)##.......##.#......#
≈#≈.###.....####.#...####
≈≈#≈....##..# #@##..########
.≈≈≈≈##.....# #T##.........#
≈.≈≈≈##.##..####.##........[#
?.≈≈..#.##.>†..#.##.........#
8$≈≈≈.>...))................#
≈≈≈≈≈...##.###.#.##.........#
≈≈#≈........##...##.........#
≈≈#..######......###.##.#####
≈≈≈#.# ##.#)..# #.#..#


You could see Purgy.

Vanquished Creatures
  An orc priest (D:3)
  7 gnolls (D:2)
  4 adders
  2 oozes
  11 dart slugs
  3 leopard geckos (D:2)
  2 orcs (D:3)
  7 bats
  6 giant cockroaches
  5 goblins
  4 hobgoblins
  7 kobolds
  2 frilled lizards
  A jackal skeleton (D:3)
  8 rats
70 creatures vanquished.

Notes
Turn   | Place    | Note
-------+----------+-------------------------------------------
     0 | D:1      | MisterFreud the Naga Fire Elementalist began the quest for the Orb.
     0 | D:1      | Reached XP level 1. HP: 15/15 MP: 3/3
   309 | D:1      | Reached XP level 2. HP: 22/22 MP: 0/5
   366 | D:1      | Learned a level 2 spell: Throw Flame
   598 | D:1      | Reached skill level 4 in Stealth
   798 | D:1      | Reached XP level 3. HP: 28/28 MP: 4/6
  1513 | D:2      | Reached skill level 5 in Stealth
  1513 | D:2      | Reached XP level 4. HP: 32/36 MP: 2/7
  2352 | D:2      | Reached XP level 5. HP: 38/42 MP: 1/8
  2419 | D:2      | Reached skill level 6 in Stealth
  2428 | D:2      | Learned a level 3 spell: Conjure Flame
  3228 | D:3      | Found a shattered altar of Ashenzari.
  3510 | D:3      | Noticed Purgy
  3686 | D:4      | Noticed a phantom
  3692 | D:3      | Reached skill level 5 in Fire Magic
  3697 | D:3      | Reached XP level 6. HP: 33/49 MP: 1/9
  3698 | D:3      | Reached skill level 7 in Stealth
  3797 | D:3      | Slain by Purgy

Vault maps used:
D:1:      mainiacjoe_arrival_reflecting_pool
D:2:      first_ration, serial_corexii_hall, corexii_hall_statues_t,
          corexii_hall_statues_t
D:3:      kennysheep_slugbush, evilmike_ruin_ashenzari, uniq_purgy
D:4:      grunt_temple_overflow_bloody_war, lemuel_zombie_altar_kikubaaqudgha,
          serial_shops, kennysheep_mini, shop, nicolae_shop_waterfront,
          dk_yredelemnul_ordeal

Skill      XL: |  1  2  3  4  5  6 |
---------------+-------------------+-----
Stealth        | 4 5 6 7 |  7.0
Fire Magic     | 4 5 |  5.0
Dodging        | |  1.5
Spellcasting   | |  2.0
Conjurations   | |  1.0

Action                   |  1- 3 |  4- 6 || total
-------------------------+-------+-------++-------
Melee: Dagger            |     2 |     8 ||    10
       Short sword       |       |    13 ||    13
       Whip              |       |     7 ||     7
 Cast: Flame Tongue      |    46 |    77 ||   123
       Throw Flame       |     2 |     4 ||     6
 Abil: Spit Poison       |     5 |    11 ||    16
  Use: Potion            |       |     1 ||     1
  Eat: Chunk             |     1 |     6 ||     7
       Ration            |       |     1 ||     1
Armor: Robe              |     3 |    22 ||    25
Dodge: Dodged            |    11 |    44 ||    55

Table legend:
 A = Spawn XP
 B = Non-spawn XP
 C = Spawn XP percentage of total XP
 D = Spawn monster count
 E = Non-spawn monster count
 F = Spawn count percentage of total count
 G = Total turns spent on level
                    A         B        C        D         E        F      G
               +---------+---------+-------+---------+---------+-------+---------
         Total |       0 |     326 |   0.0 |       0 |      70 |   0.0 |  3797
               +---------+---------+-------+---------+---------+-------+---------
           D:1 |       0 |      46 |   0.0 |       0 |      23 |   0.0 |  2026
           D:2 |       0 |     164 |   0.0 |       0 |      23 |   0.0 |  1047
           D:3 |       0 |     116 |   0.0 |       0 |      24 |   0.0 |   722
               +---------+---------+-------+---------+---------+-------+---------
